 Dungeon Crawl Stone Soup version 0.30-a0-782-ge64f9170bb (webtiles) character file.

Game seed: 4593854664707680456

163198 Tianax89 the Executioner (level 17, -7/161 HPs)
             Began as a Hill Orc Berserker on Mar 1, 2023.
             Was the Champion of Trog.
             Mangled by a broodmother (15 damage)
             ... on level 4 of the Spider Nest.
             The game lasted 02:47:50 (34846 turns).

Tianax89 the Executioner (Hill Orc Berserker)      Turns: 34846, Time: 02:47:51

Health: -7/161     AC: 24    Str: 37    XL:     17   Next: 82%
Magic:  17/17      EV: 15    Int: 12    God:    Trog [******]
Gold:   2041       SH:  0    Dex: 10    Spells: 16/16 levels left

rFire   + . .      SeeInvis .    K - +2 battleaxe (flame)
rCold   . . .      Faith    .    (shield currently unavailable)
rNeg    + + .      Spirit   .    A - +2 swamp dragon scales
rPois   +          Reflect  .    p - +0 helmet
rElec   .          Harm     .    Q - +0 cloak of Zanigg {Will+ Int+3}
rCorr   .          Rampage  .    u - +1 pair of gloves of Loss {rN+}
Will    +++++                    f - +1 pair of boots of the Vaults {+Blink rN+ Str+3} Stlth
                                 W - amulet "Syh Eca" {Will++ Regen+}
HPRegen 2.26/turn                j - ring of Fukk {rF+ Int+2}
MPRegen 0.15/turn                U - +6 ring of strength

@: strong-willed, on berserk cooldown, regenerating, slowed, very slow
A: no striking features
a: Renounce Religion, Evoke Blink, Berserk, Trog's Hand, Brothers in Arms


You were on level 4 of the Spider Nest.
You worshipped Trog.
Trog was exalted by your worship.
You visited 5 branches of the dungeon, and saw 27 of its levels.
You also visited: Trove, Gauntlet and Ice Cave.

You collected 2757 gold pieces.
You spent 716 gold pieces at shops.

Inventory:

Hand Weapons
 K - a +2 battleaxe of flaming (weapon)
 N - a +5 battleaxe
Missiles
 q - 6 curare-tipped darts
 t - a throwing net
 T - 4 boomerangs of dispersal
 Y - 26 poisoned darts (quivered)
 Z - 6 javelins
Armour
 f - the +1 pair of boots of the Vaults (worn) {+Blink rN+ Str+3}
   (You found it in a treasure trove)

   Str:       It affects your strength (+3).
   rN:        It protects you from negative energy.
   +Blink:    It lets you blink.
 p - a +0 helmet (worn)
 u - the +1 pair of gloves of Loss (worn) {rN+}
   (You found it in a treasure trove)

   rN:        It protects you from negative energy.
 y - the +0 pair of gloves of the Stone Wall {Contam rF+ Int+7}
   (You found it in a treasure trove)

   Int:       It affects your intelligence (+7).
   rF:        It protects you from fire.
   Contam:    It causes magical contamination when unequipped.
 A - +2 swamp dragon scales (worn)
 H - the +3 scale mail of Temperance {rElec Stlth+}
   (You found it in a treasure trove)

   rElec:     It insulates you from electricity.
   Stlth:     It makes you more stealthy.
 J - the +0 pair of boots "Vaschur" {+Inv rC+ Dex+4}
   (You found it on level 11 of the Dungeon)

   Dex:       It affects your dexterity (+4).
   rC:        It protects you from cold.
   +Inv:      It lets you turn invisible.
 Q - the +0 cloak of Zanigg (worn) {Will+ Int+3}
   (You found it on level 12 of the Dungeon)

   Int:       It affects your intelligence (+3).
   Will:      It increases your willpower.
Jewellery
 j - the ring of Fukk (left hand) {rF+ Int+2}
   (You found it in an ice cave)

   [ring of protection from fire]

   Int:       It affects your intelligence (+2).
   rF:        It protects you from fire.
 D - the ring of Circularity {rPois Int+6}
   (You found it in a Gauntlet)

   [ring of intelligence]

   Int:       It affects your intelligence (+6).
   rPois:     It protects you from poison.
 U - a +6 ring of strength (right hand)
 W - the amulet "Syh Eca" (around neck) {Will++ Regen+}
   (You acquired it on level 3 of the Lair of Beasts)

   [amulet of regeneration]

   Regen:     It increases your rate of health regeneration.
   Will:      It greatly increases your willpower.
Wands
 v - a wand of flame (38)
 x - a wand of paralysis (19)
 z - a wand of polymorph (9)
 B - a wand of iceblast (21)
 E - a wand of mindburst (2)
 I - a wand of light (3)
 M - a wand of digging (5)
Scrolls
 d - a scroll of silence
 e - 2 scrolls of enchant armour
 g - 2 scrolls of teleportation
 h - 9 scrolls of blinking
 o - 2 scrolls of poison
 r - 4 scrolls of fog
 s - 3 scrolls of enchant weapon
 w - a scroll of magic mapping
 L - a scroll of fear
 P - 9 scrolls of identify
 S - a scroll of brand weapon
 X - a scroll of butterflies
Potions
 a - 3 potions of attraction
 b - 4 potions of lignification
 c - 3 potions of flight
 i - 2 potions of invisibility
 k - 10 potions of curing
 l - 13 potions of ambrosia
 m - 3 potions of berserk rage
 n - 3 potions of heal wounds
 C - 4 potions of haste
 F - 5 potions of resistance
 O - 2 potions of mutation
 R - 3 potions of might
Miscellaneous
 G - a box of beasts
 V - a condenser vane


   Skills:
 - Level 17.0 Fighting
 + Level 21.9 Axes
 + Level 18.7 Armour
 - Level 11.4 Dodging
 - Level 8.4 Evocations


You had 16 spell levels left.
You didn't know any spells.
Your spell library was empty.

Dungeon Overview and Level Annotations

Branches:
Dungeon (15/15)            Temple (0/1) D:6            Lair (5/5) D:11
  Swamp (0/4) Lair:2       Spider (4/4) Lair:2        Slime (0/5) Lair:5
    Orc (2/2) D:12            Elf (1/3) Orc:2        Vaults (0/5) D:13
 Depths (0/4) D:15          IceCv (visited)         Gauntlet (visited)

Altars:
Ashenzari
Cheibriados
Makhleb
Nemelex Xobeh
Okawaru
Ru
Vehumet
Wu Jian
The Shining One
Beogh
Jiyva

Shops:
D:1 =   D:4 =   D:8 [   D:15 **   Orc:2 :(!?

Portals:
Hell: Lair:5

Annotations:
D:10 2 transporters
Spider:1 3 runed translucent doors, greenbourne's ghost, adept SpHu; postfeelist's ghost, adept GnRe


Message History

The jumping spider leaps!
The broodmother bites you but does no damage.
You hit the broodmother but do no damage.
The broodmother is heavily wounded.
You slice the redback!! You burn the redback! You closely miss the wolf spider.
The redback is healed somewhat.
The redback closely misses you.
The jumping spider leaps!
The wolf spider hits you but does no damage.
The wolf spider closely misses you. The broodmother bites you.
* * * LOW HITPOINT WARNING * * *
A spider bursts forth from the wound!
The redback is healed somewhat.
The redback bites you but does no damage.
The jumping spider leaps!
The wolf spider closely misses you.
The wolf spider bites you but does no damage.
You slash the broodmother! You burn the broodmother!
The broodmother is severely wounded.
You slice the tarantella!! You burn the tarantella. You slice the redback!!
You burn the redback.
You kill the redback!
Trog accepts your kill.
You barely miss the wolf spider.
The broodmother bites you but does no damage.
The wolf spider hits you but does no damage.
The wolf spider bites you but does no damage.
The tarantella splashes around in the water.
The jumping spider leaps!
You feel better.
The culicivora bites you but does no damage.
The tarantella splashes around in the water.
The wolf spider hits you.
* * * LOW HITPOINT WARNING * * *
The wolf spider bites you but does no damage.
The broodmother bites you.
* * * LOW HITPOINT WARNING * * *
The tarantella touches you.
* * * LOW HITPOINT WARNING * * *
The broodmother is healed somewhat.
The wolf spider barely misses you.
The wolf spider bites you but does no damage.
The broodmother bites you!
You die...

#............~.#.#^.....#†#...
##~........s^###.###.........#
#^......†...##...##..^.......
##.........##.....##.........
##^....s.○^.................
###......##.^...##....^..#.
#~^.....##..^##.....^..##
###^...s###.###^........#
##.#ss@^#.#.........###
####s#s.†.^####)######
###########^..##...
##......... ##.#.###.#.#
##...^.###... ### ###.
###...###....#. #.......
##)#..####...#.# #... ..#
##.†)†..##..##).#


You could see a broodmother, a wolf spider (summoned), a culicivora (summoned),
a jumping spider and 2 tarantellas.

Vanquished Creatures
  A juggernaut (IceCv)
  5 azure jellies
  2 emperor scorpions
  3 ghost moths
  Aizul (Spider:1)
  An orc warlord (Orc:1)
  4 quicksilver oozes (IceCv)
  5 broodmothers
  A minotaur (Gauntlet)
  Nessos (D:13)
  A spark wasp (Spider:4)
  A green death (Gauntlet)
  3 entropy weavers
  Josephine (D:13)
  An ice dragon (Spider:1)
  10 hydras
  Erolcha (D:13)
  7 boulder beetles
  3 catoblepae
  4 two-headed ogres
  An ogre mage (D:13)
  A dancing weapon (D:13)
  A death yak (Lair:5)
  3 centaur warriors
  6 radroaches
  A death scarab (Spider:4)
  4 orc high priests (Orc:2)
  2 tengu warriors
  A storm dragon zombie (D:15)
  3 skysharks
  A golden dragon zombie (D:15)
  4 pharaoh ants
  A sixfirhy (Lair:5)
  A fire crab (Gauntlet)
  A sea snake (shapeshifter) (D:13)
  2 skeletal warriors
  2 glowing orange brains (Gauntlet)
  3 orange crystal statues (IceCv)
  6 orb spiders
  A lindwurm (Lair:5)
  4 deep elf pyromancers
  2 wizards
  3 deep elf zephyrmancers (Elf:1)
  A phantasmal warrior (D:15)
  2 orc knights
  A necromancer (D:15)
  6 steelbarb worms
  19 wolf spiders
  3 orc sorcerers (Orc:2)
  3 manticores
  17 ugly things
  6 cyclopes
  4 moths of wrath (Spider:3)
  6 black mambas
  9 elephants
  9 demonic crawlers
  A smoke demon (Lair:5)
  11 cane toads
  4 torpor snails
  4 gargoyles
  An orange demon (Lair:5)
  Maggie (D:8)
  6 komodo dragons
  A spriggan zombie (D:15)
  7 rime drakes
  2 ice devils (Lair:5)
  An efreet (D:15)
  A freezing wraith (D:15)
  2 red devils (Lair:5)
  A guardian mummy (D:15)
  6 trolls
  A queen bee (Spider:2)
  A polar bear (Lair:3)
  2 hornets
  11 meliai
  29 tarantellas
  A tarantella (shapeshifter) (D:13)
  3 blink frogs (Lair:4)
  Sigmund (D:6)
  A centaur simulacrum (D:14)
  17 slime creatures
  25 jumping spiders
  2 shadows
  5 wyverns
  37 yaks
  16 culicivoras
  A ynoxinul (Gauntlet)
  5 wraiths
  4 fire bats (Gauntlet)
  A spriggan skeleton (D:15)
  Eustachio (D:4)
  3 basilisks
  A vampire (D:13)
  38 redbacks
  2 steam dragons (D:7)
  12 vampire mosquitoes
  4 wargs
  2 acid dragons
  3 swamp worms (Lair:2)
  4 hell hounds (Lair:5)
  11 water moccasins
  3 black bears
  A sky beast (D:7)
  23 orc warriors
  3 ice beasts
  4 great orb of eyes simulacra (IceCv)
  14 centaurs
  5 slime creature simulacra (IceCv)
  4 ogres
  A phantom (D:6)
  2 kobold brigands
  13 bullfrogs
  A necrophage (D:7)
  3 scorpions
  3 glowing shapeshifter simulacra (IceCv)
  4 wights (D:7)
  29 killer bees
  3 electric eels
  7 howler monkeys
  3 jellies
  34 orc priests
  3 hounds
  3 iron imps (Gauntlet)
  5 iguanas
  32 orc wizards
  8 hell rats (Lair:5)
  A boggart simulacrum (D:13)
  10 gnolls (D:5)
  6 adders
  6 river rats (Lair:5)
  2 shadow imps
  3 white imps
  2 ufetubi (D:5)
  2 worms
  2 dart slugs
  97 orcs
  3 endoplasms
  16 giant cockroaches
  3 hobgoblins
  7 jackals (D:3)
  A quokka (D:3)
  8 ball pythons
  9 bats
  3 frilled lizards
  17 kobolds
  10 rats
908 creatures vanquished.

Vanquished Creatures (others)
  A dancing weapon (D:13)
  22 fungi
  34 plants
  A withered plant (D:15)
58 creatures vanquished.

Grand Total: 966 creatures vanquished

Notes
Turn   | Place    | Note
-------+----------+-------------------------------------------
     0 | D:1      | Tianax89 the Hill Orc Berserker began the quest for the
                  | Orb.
     0 | D:1      | Reached XP level 1. HP: 19/19 MP: 1/1
   295 | D:1      | Reached XP level 2. HP: 27/27 MP: 2/2
   786 | D:1      | Found Baumisay's Jewellery Emporium.
  1159 | D:2      | Reached XP level 3. HP: 26/33 MP: 3/3
  1359 | D:2      | Reached ** piety under Trog
  1823 | D:2      | Reached XP level 4. HP: 36/40 MP: 4/4
  2472 | D:3      | Reached skill level 5 in Axes
  2472 | D:3      | Reached XP level 5. HP: 42/47 MP: 5/5
  2964 | D:3      | Reached *** piety under Trog
  3076 | D:3      | Reached skill level 5 in Fighting
  3151 | D:4      | Reached XP level 6. HP: 56/56 MP: 6/6
  3400 | D:4      | Found Biustij's Jewellery Boutique.
  3415 | D:4      | Noticed Eustachio
  3431 | D:4      | Killed Eustachio
  3432 | D:4      | Reached skill level 6 in Axes
  3432 | D:4      | Reached XP level 7. HP: 50/62 MP: 7/7
  3942 | D:5      | Entered Level 5 of the Dungeon
  4106 | D:5      | Reached skill level 5 in Armour
  4165 | D:5      | Reached XP level 8. HP: 71/71 MP: 8/8
  4197 | D:5      | Reached skill level 7 in Axes
  4579 | D:5      | Reached **** piety under Trog
  5077 | D:6      | Noticed Sigmund
  5253 | D:6      | Killed Sigmund
  5254 | D:6      | Reached skill level 8 in Axes
  5524 | D:6      | Reached XP level 9. HP: 79/79 MP: 9/9
  5574 | D:6      | Reached skill level 5 in Dodging
  5655 | D:6      | Found a staircase to the Ecumenical Temple.
  5858 | D:6      | Reached skill level 9 in Axes
  6001 | D:7      | Found a broken altar of Ashenzari.
  6389 | D:7      | Found an iron altar of Okawaru.
  6627 | D:7      | Found a snail-covered altar of Cheibriados.
  6891 | D:7      | Reached skill level 10 in Axes
  7232 | D:8      | Noticed a hornet
  7240 | D:8      | Killed a hornet
  7241 | D:8      | Reached XP level 10. HP: 88/91 MP: 10/10
  7329 | D:8      | Found Fybum's Armour Boutique.
  7338 | D:8      | Noticed a two-headed ogre
  7355 | D:8      | Killed a two-headed ogre
  7356 | D:8      | Reached skill level 10 in Fighting
  8212 | D:8      | Reached skill level 11 in Axes
  9077 | D:8      | Noticed Maggie
  9096 | D:8      | Killed Maggie
 10251 | D:9      | Found a sacrificial altar of Ru.
 10521 | D:9      | Found a sparkling altar of Nemelex Xobeh.
 10577 | D:9      | Found a radiant altar of Vehumet.
 10587 | D:9      | Reached ***** piety under Trog
 10819 | D:9      | Reached skill level 12 in Axes
 10880 | D:9      | Reached skill level 10 in Armour
 10892 | D:9      | Reached XP level 11. HP: 97/102 MP: 11/11
 11276 | D:9      | Reached skill level 1 in Evocations
 11564 | D:10     | Entered Level 10 of the Dungeon
 11573 | D:10     | Found a transporter.
 11805 | D:10     | Found an ornate altar of the Wu Jian Council.
 11936 | D:10     | Found a transporter.
 12048 | D:10     | Found a transporter.
 12232 | D:10     | Found a transporter.
 12564 | D:11     | Reached skill level 13 in Axes
 12695 | D:11     | Noticed a two-headed ogre
 12700 | D:11     | Noticed a two-headed ogre
 12704 | D:11     | Killed a two-headed ogre
 12710 | D:11     | Killed a two-headed ogre
 12819 | D:11     | Found a portal to a secret trove of treasure.
 12907 | D:11     | Found a staircase to the Lair.
 13099 | D:11     | Identified the +0 pair of boots "Vaschur" {+Inv rC+ Dex+4}
 13341 | D:12     | Noticed a cyclops
 13349 | D:12     | Killed a cyclops
 13462 | D:12     | Found a staircase to the Orcish Mines.
 13492 | D:12     | Found a roughly hewn altar of Beogh.
 13508 | D:12     | Received a gift from Trog
 13633 | D:12     | Noticed a cyclops
 13650 | D:12     | Killed a cyclops
 13651 | D:12     | Reached XP level 12. HP: 68/113 MP: 12/12
 13793 | D:12     | Found a roughly hewn altar of Beogh.
 14041 | D:12     | Noticed a two-headed ogre
 14046 | D:12     | Killed a two-headed ogre
 14047 | D:12     | Reached skill level 5 in Evocations
 14182 | D:12     | Identified the +0 cloak of Zanigg {Will+ Int+3}
 14520 | D:13     | Reached skill level 14 in Axes
 14760 | D:13     | Found a gate to the Vaults.
 14883 | D:13     | Noticed a centaur warrior
 14886 | D:13     | Killed a centaur warrior
 14924 | D:13     | Noticed a tengu warrior
 15038 | D:13     | Noticed a seven-headed hydra
 15049 | D:13     | Killed a three-headed hydra
 15077 | D:13     | Killed a tengu warrior
 15098 | D:13     | Noticed an ogre mage
 15118 | D:13     | Noticed a catoblepas
 15132 | D:13     | Killed a catoblepas
 15133 | D:13     | Reached skill level 15 in Axes
 15133 | D:13     | Reached XP level 13. HP: 64/123 MP: 13/13
 15527 | D:13     | Noticed Erolcha
 15543 | D:13     | Killed Erolcha
 15564 | D:13     | Noticed Nessos
 15569 | D:13     | Killed Nessos
 15821 | D:13     | Noticed Josephine
 15849 | D:13     | Killed Josephine
 15992 | D:13     | Received a gift from Trog
 16410 | D:14     | Found a gate leading to a gauntlet.
 16421 | Gauntlet | Entered a Gauntlet
 16421 | Gauntlet | Found a transporter.
 16431 | Gauntlet | Found a transporter.
 16433 | Gauntlet | Found a transporter.
 16434 | Gauntlet | Found a transporter.
 16442 | Gauntlet | Found a transporter.
 16445 | Gauntlet | Found a transporter.
 16446 | Gauntlet | Found a transporter.
 16450 | Gauntlet | Found a runed translucent door.
 16454 | Gauntlet | Found a transporter.
 16457 | Gauntlet | Found a transporter.
 16458 | Gauntlet | Found a transporter.
 16465 | Gauntlet | Found a runed translucent door.
 16465 | Gauntlet | Noticed a green death
 16469 | Gauntlet | Found a transporter.
 16470 | Gauntlet | Found a transporter.
 16478 | Gauntlet | Found a transporter.
 16502 | Gauntlet | Found a transporter.
 16815 | Gauntlet | Identified the ring of Circularity {rPois Int+6}
 16837 | Gauntlet | Killed a green death
 16926 | Gauntlet | Identified the +3 ring mail "Emist" {Harm Str+2 SInv}
 16926 | Gauntlet | Identified the +0 tower shield of the Sunfish {rN++ rCorr
                  | Str-3}
 16926 | Gauntlet | Noticed a minotaur
 16936 | Gauntlet | Killed a minotaur
 17046 | Lair:1   | Entered Level 1 of the Lair of Beasts
 17287 | Lair:1   | Reached skill level 16 in Axes
 18168 | Lair:2   | Reached skill level 15 in Fighting
 18629 | Lair:2   | Found a staircase to the Swamp.
 18727 | Lair:2   | Reached XP level 14. HP: 124/135 MP: 14/14
 19008 | Lair:2   | Received a gift from Trog
 19335 | Lair:2   | Found a hole to the Spider Nest.
 19602 | Lair:3   | Identified 3 scrolls of acquirement
 19602 | Lair:3   | Acquired the amulet "Syh Eca" {Will++ Regen+}
 20609 | Lair:4   | Reached skill level 17 in Axes
 21425 | Lair:5   | Entered Level 5 of the Lair of Beasts
 21824 | Lair:5   | Found a runed translucent door.
 21825 | Lair:5   | Found a viscous altar of Jiyva.
 21826 | Lair:5   | Found a staircase to the Slime Pits.
 21826 | Lair:5   | Noticed an azure jelly
 21826 | Lair:5   | Noticed an azure jelly
 22506 | Lair:5   | Found a burning altar of Makhleb.
 22537 | Lair:5   | Reached XP level 15. HP: 131/145 MP: 15/15
 22565 | Lair:5   | Found a gateway to Hell.
 22781 | Lair:5   | Killed an azure jelly
 22782 | Lair:5   | Reached skill level 15 in Armour
 22790 | Lair:5   | Killed an azure jelly
 23274 | D:11     | You paid a toll of 2 scrolls of acquirement to enter a
                  | treasure trove
 23275 | Trove    | Entered a treasure trove
 23279 | Trove    | Identified the +1 scale mail of the Endless Expanse {rPois
                  | rC- Int+4}
 23284 | Trove    | Identified the +1 steam dragon scales of the Frog {-Cast
                  | Will+++ rCorr Str+4}
 23289 | Trove    | Identified the +1 pair of boots of the Vaults {+Blink rN+
                  | Str+3}
 23294 | Trove    | Identified the +1 pair of gloves of Loss {rN+}
 23296 | Trove    | Identified the +0 pair of gloves of the Stone Wall {Contam
                  | rF+ Int+7}
 23298 | Trove    | Identified the +3 scale mail of Temperance {rElec Stlth+}
 23301 | Trove    | Found the +3 warlock's mirror {omnireflect}
 23304 | Trove    | Identified the +1 pair of boots of Stoicism {-Cast Harm
                  | Dex+3}
 23407 | Orc:1    | Entered Level 1 of the Orcish Mines
 23436 | Orc:2    | Entered Level 2 of the Orcish Mines
 23436 | Orc:2    | Found a staircase to the Elven Halls.
 23512 | Orc:2    | Reached skill level 18 in Axes
 23533 | Orc:2    | Reached ****** piety under Trog
 23836 | Orc:2    | Noticed an orc warlord
 24228 | Orc:1    | Killed an orc warlord
 24603 | Orc:2    | Received a gift from Trog
 24826 | Orc:2    | Found Xeuxtor's Distillery.
 24826 | Orc:2    | Found Agyuvul's Magic Scroll Boutique.
 24826 | Orc:2    | Found Cecinea's Weapon Shop.
 24832 | Orc:2    | Found Otruf's Book Shop.
 24863 | Orc:2    | Bought a scroll of blinking for 90 gold pieces
 24864 | Orc:2    | Bought a potion of heal wounds for 60 gold pieces
 25214 | Orc:1    | Found a radiant altar of Vehumet.
 25615 | Orc:2    | Bought a potion of curing for 36 gold pieces
 25615 | Orc:2    | Bought a potion of haste for 120 gold pieces
 25615 | Orc:2    | Bought 2 potions of curing for 72 gold pieces
 25615 | Orc:2    | Bought a potion of haste for 120 gold pieces
 25629 | Elf:1    | Entered Level 1 of the Elven Halls
 26000 | D:14     | Found an ornate altar of the Wu Jian Council.
 26239 | D:14     | Found a glowing golden altar of the Shining One.
 26365 | D:14     | Received a gift from Trog
 26701 | D:15     | Entered Level 15 of the Dungeon
 26724 | D:15     | Found Fippo's Specific Store.
 26911 | D:15     | Found a staircase to the Depths.
 27252 | D:15     | Found a glowing golden altar of the Shining One.
 27264 | D:15     | Found Ycalotu's General Store.
 27277 | D:15     | Bought a potion of might for 76 gold pieces
 27277 | D:15     | Bought a scroll of blinking for 142 gold pieces
 27438 | D:15     | Reached skill level 19 in Axes
 27518 | D:15     | Reached XP level 16. HP: 140/155 MP: 16/16
 27981 | Spider:1 | Entered Level 1 of the Spider Nest
 28034 | Spider:1 | Noticed Aizul
 28052 | Spider:1 | Killed Aizul
 28299 | Spider:1 | Identified the +0 cloak "Deotre" {*Slow rElec rPois Stlth+}
 28397 | Spider:1 | Found a frozen archway.
 28411 | IceCv    | Entered an ice cave
 29235 | IceCv    | Received a gift from Trog
 29377 | IceCv    | Noticed a rockslime
 29378 | IceCv    | a rockslime changed into a juggernaut
 29378 | IceCv    | Noticed a juggernaut
 29385 | IceCv    | Noticed an azure jelly
 29393 | IceCv    | Killed a juggernaut
 29398 | IceCv    | Killed an azure jelly
 29771 | IceCv    | Found a viscous altar of Jiyva.
 29777 | IceCv    | Noticed an azure jelly
 29777 | IceCv    | Noticed an azure jelly
 29799 | IceCv    | Killed an azure jelly
 29805 | IceCv    | Killed an azure jelly
 29887 | IceCv    | Identified the ring of Fukk {rF+ Int+2}
 29891 | IceCv    | Identified the amulet of Peace {Acrobat Int+2}
 30029 | Spider:1 | Found a runed translucent gate.
 30029 | Spider:1 | Found a runed translucent gate.
 30029 | Spider:1 | Found a runed translucent gate.
 30029 | Spider:1 | Noticed postfeelist's ghost (adept GnRe)
 30030 | Spider:1 | Noticed greenbourne's ghost (adept SpHu)
 30044 | Spider:1 | Reached skill level 20 in Axes
 30452 | Spider:1 | Reached skill level 10 in Dodging
 31333 | Spider:2 | Received a gift from Trog
 32036 | Spider:3 | Reached XP level 17. HP: 156/161 MP: 17/17
 32712 | Spider:3 | Reached skill level 21 in Axes
 33305 | Spider:4 | Entered Level 4 of the Spider Nest
 34270 | Spider:4 | Received a gift from Trog
 34839 | Spider:4 | HP: 8/161 [broodmother (15)]
 34844 | Spider:4 | HP: 1/161 [broodmother (5)]
 34846 | Spider:4 | Mangled by a broodmother

Illustrated notes

Levels and vault maps discovered:
D:1:      amcnicky_arrival_abandoned_market, layout_basic, serial_shops,
          nicolae_shop_behind_doors
D:2:      minmay_roachtagon, layout_basic, corexii_leaking_fountain
D:3:      layout_loops_ring, eino_tiny_chamber, nrook_campfire
D:4:      layout_basic, serial_shops, kennysheep_little_box, uniq_eustachio
D:5:      wad_pebble_path, layout_basic
D:6:      layout_gridville, minmay_temple_entry_grid, st_stairs_8, uniq_sigmund
D:7:      layout_cave_pods, mainiacjoe_overflow_large_starburst,
          mainiacjoe_overflow_brackets
D:8:      layout_loops_ring, serial_shops, shop,
          nicolae_kite_square_tiling_tiny, nicolae_benzene_ring, fountainhead,
          uniq_maggie
D:9:      layout_stronghold, mainiacjoe_overflow_concentric_impassable,
          lemuel_round_altar, vehumet_altar_wand_db,
          kennysheep_decorative_pillar, abandoned_shop,
          chequers_serial_rivers_room_b
D:10:     layout_rooms, lemuel_round_altar, nicolae_transporter_intersection
D:11:     layout_small_grid, david_lair_generic, enter_trove_2
D:12:     layout_roguey [special_room_orc], minmay_orc_entry_temple_small
D:13:     minmay_the_grid_triangle_9x9_rhombus_thin_mashed
          [minmay_the_grid_triangle_9x9_corruption,
          minmay_the_grid_triangle_9x9_prize_insulated,
          minmay_the_grid_triangle_9x9_wacky_v,
          minmay_the_grid_triangle_9x9_checkered], layout_basic, erik_vaults_1,
          uniq_nessos, uniq_josephine, uniq_erolcha
D:14:     layout_roguey, nzn_wu_jian_contemplation, gauntlet_entry_generic,
          grunt_ministairs_12, minmay_misc_feat_chi, kennysheep_diamond,
          tso_oasis_becter
D:15:     gammafunk_depths_entry_grave, layout_cave_pods, lemuel_crystal_altar,
          nicolae_specific_store
Lair:1:   layout_layer_cave, lemuel_fruit_tree, grunt_megastairs_5,
          lemuel_fruit_fields
Lair:2:   layout_roguey, palyth_hydra_swamp_entry,
          nicolae_spider_entry_orb_guardian
Lair:3:   layout_regular_city, infiniplex_staircase_pool_2, grunt_megastairs_1
Lair:4:   layout_gridlike, nzn_sisyphean_effort, lemuel_fruit_fields,
          serial_bayou_shore_a, infiniplex_staircase_pool
Lair:5:   evil_forest, layout_cave_pods, slime_entry_2,
          chequers_serial_rivers_micro_b, kennysheep_rathole
Spider:1: layout_spider_delve, gammafunk_ghost_cemetery,
          portal_ice_cave_entry_dragon, uniq_aizul
Spider:2: layout_spider_delve, special_room [special_room_bee]
Spider:3: layout_spider_delve, nicolae_spider_webs_and_nodes,
          hangedman_spider_tarantella_strand
Spider:4: hellmonk_spider_rune_endless_swarm, nicolae_spider_webbed_stairs
Orc:1:    layout_diamond_mine, basic_altar
Orc:2:    st_orc_mages, layout_caves, rock_pile
Elf:1:    eino_elf_arrival_customs, layout_onion_city, serial_shops, shop,
          nicolae_shop_behind_doors, shop, shop, nicolae_shop_behind_doors,
          lemuel_upstairs_altar, uniq_frances, uniq_azrael, uniq_roxanne

Skill      XL: |  1  2  3  4  5  6  7  8  9 10 11 12 13 14 15 16 17 |
---------------+----------------------------------------------------+-----
Fighting       | 4 5 6 7 9 11 12 13 15 16 17 | 17.0
Dodging        | 2 3 4 5 7 8 10 11 | 11.4
Armour         | 3 4 5 6 8 10 11 12 13 14 16 17 18 | 18.7
Axes           | 5 6 8 10 12 13 15 16 17 19 20 21 | 21.9
Evocations     | 4 6 8 |  8.4

Action                     |  1- 3 |  4- 6 |  7- 9 | 10-12 | 13-15 | 16-18 || total
---------------------------+-------+-------+-------+-------+-------+-------++-------
  Melee: Hand axe          |    12 |       |       |       |       |       ||    12
         Mace              |   117 |    15 |       |       |       |       ||   132
         Punch             |     1 |     1 |     5 |    12 |    15 |       ||    34
         War axe           |       |    97 |   338 |   639 |    55 |       ||  1129
         Broad axe         |       |       |       |     5 |   754 |       ||   759
         Battleaxe         |       |       |       |       |   283 |   817 ||  1100
  Throw: Dart              |       |       |       |    25 |    32 |    46 ||   103
 Invoke: Berserk           |       |       |     1 |     5 |       |     5 ||    11
         Trog's Hand       |       |       |       |       |       |     1 ||     1
  Evoke: Wand              |       |       |       |    20 |    15 |     5 ||    40
    Use: Scroll            |       |     8 |     8 |     5 |    10 |     1 ||    32
         Potion            |       |       |       |     2 |     4 |     4 ||    10
   Stab: Distracted        |       |       |       |     1 |     2 |       ||     3
 Armour: Animal skin       |     1 |       |       |       |       |       ||     1
         Ring mail         |    23 |       |       |       |       |       ||    23
         Scale mail        |    58 |    57 |   184 |    56 |       |       ||   355
         Swamp dragon scal |       |       |       |   197 |   386 |   476 ||  1059
  Dodge: Dodged            |   115 |    47 |   194 |   364 |   764 |   703 ||  2187

Table legend: (Time is in decaauts)
 A = Elapsed time spent in this place.
 B = Non-inter-level travel time spent in this place.
 C = Inter-level travel time spent in this place.
 D = Time resting spent in this place.
 E = Time spent auto-exploring this place.
 F = Levels seen in this place.
 G = Mean time per level.
                   A        B        C        D        E       F      G
               +--------+--------+--------+--------+--------+-----+--------+
         Total |  34503 |  32893 |   1610 |   5838 |  19288 |  30 | 1150.1 |
       Dungeon |  18722 |  17598 |   1124 |   2555 |  11178 |  15 | 1248.1 |
          Lair |   6150 |   5848 |    302 |    732 |   3892 |   5 | 1230.0 |
   Spider Nest |   5141 |   5078 |     63 |    832 |   2792 |   4 | 1285.2 |
  Orcish Mines |   2315 |   2195 |    120 |    900 |    800 |   2 | 1157.5 |
   Elven Halls |     42 |     42 |      0 |      0 |      0 |   1 |   42.0 |
         Trove |     61 |     61 |      0 |      0 |      3 |   1 |   61.0 |
      Ice Cave |   1550 |   1550 |      0 |    742 |    450 |   1 | 1550.0 |
      Gauntlet |    518 |    518 |      0 |     76 |    172 |   1 |  518.0 |
               +--------+--------+--------+--------+--------+-----+--------+

Top non-repeatable levels by time:
     D:7: 2467 daAuts
    D:13: 2264 daAuts
     D:8: 1813 daAuts
  Lair:5: 1648 daAuts
  Lair:2: 1637 daAuts
   IceCv: 1550 daAuts
Spider:4: 1497 daAuts
     D:9: 1311 daAuts
     D:5: 1285 daAuts
Spider:1: 1242 daAuts
    D:11: 1232 daAuts
   Orc:2: 1226 daAuts
Spider:3: 1218 daAuts
Spider:2: 1183 daAuts
     D:2: 1117 daAuts
